 Dungeon Crawl Stone Soup version 0.26-a0-667-g92642533e4 (webtiles) character file.

Game seed: 3342526310232551296

17867 reriks the Grappler (level 12, -3/92 HPs)
             Began as a Gnoll Transmuter on Oct 17, 2020.
             Was a High Priest of Cheibriados.
             Killed by divine providence
             ... invoked by an orc high priest
              (9 damage)
             ... on level 1 of the Orcish Mines.
             The game lasted 00:21:03 (13461 turns).

reriks the Grappler (Gnoll Transmuter)             Turns: 13461, Time: 00:21:04

Health: -3/92      AC: 18    Str: 36    XL:     12   Next: 52%
Magic:  25/25      EV: 18    Int: 31    God:    Cheibriados [*****.]
Gold:   687        SH:  0    Dex: 29    Spells: 17/29 levels left

rFire    . . .     SeeInvis .   y - +0 glaive (freeze)
rCold    + . .     Faith    .   (shield currently unavailable)
rNeg     . . .     Spirit   .   U - +2 chain mail {rC+}
rPois    .         Reflect  .   (helmet currently unavailable)
rElec    .         Harm     .   (no cloak)
rCorr    .         Rampage  .   r - +0 pair of gloves (curse)
MR       .....     Rnd*Rage +   (boots currently unavailable)
Stlth    +.........             K - amulet of magic regeneration
HPRegen  0.25/turn              I - ring "Puskux" {AC+4 Int+2}
MPRegen  0.44/turn              E - +6 ring of strength

@: appendages, slowed, very slow
A: distributed training, fangs 1, horns 2, talons 2, berserk 1, strong nose
a: End Transformation, Bend Time, Temporal Distortion, Slouch, Step From Time,
Renounce Religion


You were on level 1 of the Orcish Mines.
You worshipped Cheibriados.
Cheibriados was extremely pleased with you.
You had grown temporary horns.
You had grown temporary talons.
You visited 3 branches of the dungeon, and saw 13 of its levels.
You also visited: Ossuary.

You collected 687 gold pieces.

Inventory:

Hand Weapons
 c - a +0 club
 q - a +0 halberd
 y - a +0 glaive of freezing (weapon)
 z - a +0 hunting sling
 M - a +0 whip of flaming
 R - a +4 spear of freezing
Missiles
 d - 11 boomerangs (quivered)
 u - 4 silver javelins
 A - 265 stones
 L - 31 sling bullets
Armour
 a - a +0 robe
 i - a +1 pair of boots (melded)
 n - a +1 scale mail of magic resistance
 r - a cursed +0 pair of gloves (worn)
 U - a +2 chain mail of cold resistance (worn)
Jewellery
 j - an uncursed ring of wizardry
 m - an uncursed ring of stealth
 t - an uncursed amulet of the acrobat
 E - a +6 ring of strength (right hand)
 I - the ring "Puskux" (left hand) {AC+4 Int+2}
   (You found it on level 6 of the Dungeon)

   [ring of protection]

   It affects your AC (+4).
   It affects your intelligence (+2).
 K - an amulet of magic regeneration (around neck)
 P - the ring of Koletofi {Int+6 Dex+4}
   (You found it on level 10 of the Dungeon)

   [ring of intelligence]

   It affects your intelligence (+6).
   It affects your dexterity (+4).
 S - an uncursed ring of ice
Wands
 G - a wand of polymorph (3)
 H - a wand of acid (16)
Scrolls
 e - 6 scrolls of teleportation
 g - 5 scrolls of immolation
 o - 6 scrolls of remove curse
 s - 3 scrolls of magic mapping
 D - a scroll of enchant weapon
 F - a scroll of noise
 J - 2 scrolls of blinking
 T - a scroll of identify
Potions
 b - 2 potions of berserk rage
 f - 2 potions of invisibility {unknown}
 h - 2 potions of cancellation
 k - 3 potions of degeneration
 l - a potion of ambrosia
 p - 6 potions of curing
 v - a potion of magic
 w - 3 potions of lignification
 x - 2 potions of mutation
 B - a potion of brilliance
 C - 2 potions of haste
 N - 2 potions of flight
 O - a potion of stabbing {unknown}
 Q - a potion of heal wounds


   Skills:
 + Level 7.9 Fighting
 + Level 7.3 Short Blades
 + Level 7.3 Long Blades
 + Level 7.3 Axes
 + Level 7.3 Maces & Flails
 + Level 7.3 Polearms
 + Level 7.3 Staves
 + Level 7.3 Slings
 + Level 7.3 Bows
 + Level 7.3 Crossbows
 + Level 7.3 Throwing
 + Level 7.3 Armour
 + Level 8.8 Dodging
 + Level 7.3 Stealth
 + Level 7.3 Shields
 + Level 9.9 Unarmed Combat
 + Level 9.0 Spellcasting
 + Level 6.1 Conjurations
 + Level 6.1 Hexes
 + Level 6.1 Summonings
 + Level 6.1 Necromancy
 + Level 6.1 Translocations
 + Level 7.3 Transmutations
 + Level 6.1 Fire Magic
 + Level 6.1 Ice Magic
 + Level 6.1 Air Magic
 + Level 6.1 Earth Magic
 + Level 6.1 Poison Magic
 + Level 8.1 Invocations
 + Level 7.3 Evocations


You had 17 spell levels left.
You knew the following spells:

 Your Spells              Type           Power        Failure   Level
a - Beastly Appendage     Tmut           ######       1%          1
b - Wereblood             Tmut           ######..     1%          2
c - Spider Form           Tmut/Pois      ######....   2%          3
d - Ozocubu's Armour      Ice            ######..     3%          3
e - Frozen Ramparts       Ice            ######       3%          3

Your spell library contained the following spells:

 Spells                   Type           Power        Failure   Level
 Freeze                   Ice            ####         1%          1
 Confusing Touch          Hex            ######..     3%          3
 Gell's Gravitas          Tloc           ######....   3%          3
 Ice Form                 Ice/Tmut       ######..     8%          4
 Petrify                  Tmut/Erth      ######..     8%          4
 Hailstorm                Conj/Ice       ######..     10%         4
 Summon Ice Beast         Ice/Summ       ######..     10%         4
 Blade Hands              Tmut           ######....   17%         5
 Yara's Violent Unravell  Hex/Tmut       ######....   22%         5
 Metabolic Englaciation   Hex/Ice        ######....   28%         5


Dungeon Overview and Level Annotations

Branches:
Dungeon (10/15)            Temple (1/1) D:5             Orc (2/2) D:10
Ossuary (visited)
   Lair: D:8-11         Elf: Orc:2

Altars:
Ashenzari
Cheibriados
Dithmenos
Elyvilon
Fedhas
Gozag
Hepliaklqana
Okawaru
Qazlal
Ru
Sif Muna
Trog
Uskayaw
Vehumet
Wu Jian
Xom
Yredelemnul
Zin

Shops:
D:4 (   Orc:1 =


Innate Abilities, Weirdness & Mutations

Your experience applies equally to all skills.
You have very sharp teeth.
Your uncanny sense of smell can sniff out nearby items.
You have a pair of horns on your head.
You have razor-sharp toenails.
You tend to lose your temper in combat.


Message History

The orc priest looks encouraged for a moment.
You hit the orc high priest. You freeze the orc high priest.
You claw the orc high priest! You headbutt the orc high priest!
You bite the orc high priest, but do no damage.
The orc high priest is heavily wounded.
The orc wizard hits you but does no damage.
The orc wizard barely misses you.
The orc high priest calls down the wrath of Beogh upon you.
Beogh smites you!
* * * LOW HITPOINT WARNING * * *
The orc wizard points at you and mumbles some strange words.
The magic dart hits you.
* * * LOW HITPOINT WARNING * * *
The orc priest mumbles some strange prayers to Beogh against you.
Beogh smites you!
* * * LOW HITPOINT WARNING * * *
The orc wizard hits you but does no damage. x2
The orc high priest calls down the wrath of Beogh upon you.
Beogh smites you!
You die...

### #.## ##..#
##...### #......#
###o.....#
##.†@).o..##
#..ooo.....##
###.).........####
###.....###........#
#.#[......##.......#
##)).....###......##
#<[))...###.......##
#####....###⌠.⌠....#
#.........∩...###


You could see an orc high priest, an orc priest and 3 orc wizards.

Vanquished Creatures
  Josephine (D:10)
  Fannar (D:10)
  The ghost of robertstho the Cleaver, a novice MiBe of Trog (D:10)
  2 two-headed ogres (D:10)
  2 unseen horrors (D:10)
  Pikel (D:7)
  An orc knight (Orc:1)
  2 orc sorcerers
  Joseph (D:7)
  Maggie (D:8)
  2 hornets
  2 trolls (D:10)
  A spriggan (D:8)
  A wyvern (D:8)
  Sigmund (D:4)
  A vampire (D:9)
  6 wraiths (D:10)
  18 yaks
  2 neqoxecs (D:10)
  Menkaure (D:5)
  A warg (Orc:1)
  A soldier ant (D:9)
  A water moccasin (D:5)
  6 orc warriors
  3 ice beasts
  3 sky beasts
  A necrophage (D:9)
  An eye of draining (D:8)
  A phantom (D:4)
  6 ogres
  A centaur (D:6)
  A lemure (D:7)
  A big kobold (D:7)
  9 bullfrogs
  A gnoll sergeant (D:10)
  A wyvern zombie (D:7)
  3 scorpions
  A water moccasin skeleton (D:4)
  8 killer bees
  10 wights
  3 howler monkeys (D:8)
  3 hounds
  A bullfrog zombie (D:6)
  2 quasits (D:10)
  5 orc priests
  2 bullfrog skeletons
  4 centaur skeletons
  3 jellies (D:10)
  An iguana (D:5)
  Ijyb (D:5)
  10 orc wizards
  7 worker ants
  2 hound zombies
  Robin (D:4)
  A hound skeleton (D:7)
  4 mummies (Ossuary)
  A worker ant zombie (D:5)
  10 adders
  8 gnolls
  2 howler monkey skeletons
  A shadow imp (D:10)
  3 white imps
  An ufetubus (D:10)
  An ooze (D:2)
  2 adder skeletons
  2 adder zombies
  2 worms
  A dart slug (D:3)
  5 leopard geckos
  39 orcs
  3 ball pythons
  5 giant cockroaches
  12 goblins
  7 hobgoblins
  22 jackals
  11 kobolds
  6 quokkas
  12 bats
  6 frilled lizards
  3 gnoll skeletons (Ossuary)
  5 gnoll zombies (Ossuary)
  4 goblin skeletons (Ossuary)
  4 goblin zombies (Ossuary)
  6 hobgoblin skeletons (Ossuary)
  3 hobgoblin zombies (Ossuary)
  3 kobold skeletons (Ossuary)
  2 kobold zombies (Ossuary)
  A leopard gecko zombie (D:6)
  7 orc skeletons (Ossuary)
  5 orc zombies (Ossuary)
  2 quokka skeletons
  A quokka zombie (D:5)
  5 rats
  2 rat skeletons (Ossuary)
  6 rat zombies (Ossuary)
379 creatures vanquished.

Notes
Turn   | Place    | Note
-------+----------+-------------------------------------------
     0 | D:1      | reriks the Gnoll Transmuter began the quest for the Orb.
     0 | D:1      | Reached XP level 1. HP: 17/17 MP: 6/6
   599 | D:1      | Reached XP level 2. HP: 16/23 MP: 7/7
  1182 | D:2      | Found an iron altar of Okawaru.
  1322 | D:2      | Reached skill level 5 in Spellcasting
  1322 | D:2      | Reached XP level 3. HP: 28/28 MP: 6/9
  1436 | D:2      | Reached skill level 1 in Invocations
  1456 | D:2      | Reached skill level 1 in Short Blades
  1456 | D:2      | Reached skill level 1 in Long Blades
  1456 | D:2      | Reached skill level 1 in Axes
  1456 | D:2      | Reached skill level 1 in Maces & Flails
  1456 | D:2      | Reached skill level 1 in Polearms
  1456 | D:2      | Reached skill level 1 in Staves
  1456 | D:2      | Reached skill level 1 in Slings
  1456 | D:2      | Reached skill level 1 in Bows
  1456 | D:2      | Reached skill level 1 in Crossbows
  1456 | D:2      | Reached skill level 1 in Throwing
  1456 | D:2      | Reached skill level 1 in Armour
  1456 | D:2      | Reached skill level 1 in Stealth
  1456 | D:2      | Reached skill level 1 in Shields
  1456 | D:2      | Reached skill level 1 in Evocations
  1596 | D:2      | Reached XP level 4. HP: 29/34 MP: 11/11
  1787 | D:2      | Learned a level 2 spell: Wereblood
  1791 | D:2      | Learned a level 3 spell: Spider Form
  2222 | D:3      | Reached skill level 1 in Conjurations
  2222 | D:3      | Reached skill level 1 in Hexes
  2222 | D:3      | Reached skill level 1 in Summonings
  2222 | D:3      | Reached skill level 1 in Necromancy
  2222 | D:3      | Reached skill level 1 in Translocations
  2222 | D:3      | Reached skill level 1 in Fire Magic
  2222 | D:3      | Reached skill level 1 in Ice Magic
  2222 | D:3      | Reached skill level 1 in Air Magic
  2222 | D:3      | Reached skill level 1 in Earth Magic
  2222 | D:3      | Reached skill level 1 in Poison Magic
  2738 | D:3      | Reached XP level 5. HP: 40/40 MP: 10/12
  3211 | D:4      | Found Oddo's Weapon Boutique.
  3320 | D:4      | Reached XP level 6. HP: 46/47 MP: 11/13
  3446 | D:4      | Noticed Sigmund
  3461 | D:4      | Killed Sigmund
  3461 | D:4      | Reached skill level 5 in Dodging
  3733 | D:4      | Reached XP level 7. HP: 37/52 MP: 15/15
  4288 | D:4      | Noticed Robin
  4298 | D:4      | Killed Robin
  4549 | D:5      | Entered Level 5 of the Dungeon
  4572 | D:5      | Found a broken altar of Ashenzari.
  4624 | D:5      | Noticed Menkaure
  4634 | D:5      | Killed Menkaure
  5004 | D:5      | Found a staircase to the Ecumenical Temple.
  5051 | Temple   | Entered the Ecumenical Temple
  5173 | Temple   | Became a worshipper of Cheibriados the Contemplative
  5230 | D:5      | Reached XP level 8. HP: 44/60 MP: 16/16
  5768 | D:5      | Noticed Ijyb
  5784 | D:5      | Killed Ijyb
  5932 | D:5      | Found a glowing silver altar of Zin.
  6231 | D:6      | Reached * piety under Cheibriados
  6235 | D:6      | Found a sand-covered staircase.
  6245 | Ossuary  | Entered an ossuary
  6535 | Ossuary  | Reached ** piety under Cheibriados
  6873 | D:6      | Reached XP level 9. HP: 66/66 MP: 18/18
  6887 | D:6      | Reached skill level 5 in Transmutations
  7096 | D:6      | Reached *** piety under Cheibriados
  7150 | D:6      | Learned a level 3 spell: Ozocubu's Armour
  7397 | D:6      | Got a coiled jade ring
  7399 | D:6      | Identified the ring "Puskux" {AC+4 Int+2} (You found it on
                  | level 6 of the Dungeon)
  7489 | D:7      | Noticed Pikel
  7516 | D:7      | Reached **** piety under Cheibriados
  7521 | D:7      | Reached skill level 5 in Fighting
  7551 | D:7      | Noticed Joseph
  7563 | D:7      | HP: 2/68 [Joseph/+0 quarterstaff (12)]
  7565 | D:7      | Killed Joseph
  7725 | D:7      | Found a stormy altar of Qazlal.
  8125 | D:7      | Killed Pikel
  8125 | D:7      | Reached skill level 5 in Invocations
  8258 | D:7      | Reached XP level 10. HP: 74/74 MP: 20/20
  8432 | D:7      | Reached skill level 5 in Short Blades
  8432 | D:7      | Reached skill level 5 in Long Blades
  8432 | D:7      | Reached skill level 5 in Axes
  8432 | D:7      | Reached skill level 5 in Maces & Flails
  8432 | D:7      | Reached skill level 5 in Polearms
  8432 | D:7      | Reached skill level 5 in Staves
  8432 | D:7      | Reached skill level 5 in Slings
  8432 | D:7      | Reached skill level 5 in Bows
  8432 | D:7      | Reached skill level 5 in Crossbows
  8432 | D:7      | Reached skill level 5 in Throwing
  8432 | D:7      | Reached skill level 5 in Armour
  8432 | D:7      | Reached skill level 5 in Stealth
  8432 | D:7      | Reached skill level 5 in Shields
  8432 | D:7      | Reached skill level 5 in Evocations
  8983 | D:8      | Reached ***** piety under Cheibriados
  9179 | D:8      | Noticed Maggie
  9230 | D:8      | Killed Maggie
 10681 | D:9      | Reached XP level 11. HP: 83/83 MP: 22/22
 10782 | D:9      | Reached skill level 5 in Conjurations
 10782 | D:9      | Reached skill level 5 in Hexes
 10782 | D:9      | Reached skill level 5 in Summonings
 10782 | D:9      | Reached skill level 5 in Necromancy
 10782 | D:9      | Reached skill level 5 in Translocations
 10782 | D:9      | Reached skill level 5 in Fire Magic
 10782 | D:9      | Reached skill level 5 in Ice Magic
 10782 | D:9      | Reached skill level 5 in Air Magic
 10782 | D:9      | Reached skill level 5 in Earth Magic
 10782 | D:9      | Reached skill level 5 in Poison Magic
 11138 | D:10     | Entered Level 10 of the Dungeon
 11138 | D:10     | Noticed a two-headed ogre
 11322 | D:10     | Noticed a two-headed ogre
 11329 | D:10     | Killed a two-headed ogre
 11411 | D:10     | Noticed Fannar
 11430 | D:10     | Killed Fannar
 11528 | D:10     | Learned a level 3 spell: Frozen Ramparts
 11539 | D:10     | Killed an unseen horror
 11658 | D:10     | Killed a two-headed ogre
 11750 | D:10     | Killed an unseen horror
 12196 | D:10     | Found a staircase to the Orcish Mines.
 12197 | D:10     | Noticed Josephine
 12206 | D:10     | Killed Josephine
 12206 | D:10     | Reached XP level 12. HP: 79/91 MP: 22/24
 12208 | D:10     | Reached ****** piety under Cheibriados
 12402 | D:10     | Noticed robertstho's ghost (novice MiBe)
 12415 | D:10     | Found a transporter.
 12482 | D:10     | Found a transporter.
 12719 | D:10     | Found a sacrificial altar of Ru.
 12780 | D:10     | Gained mutation: You tend to lose your temper in combat. [a
                  | neqoxec]
 12784 | D:10     | Killed robertstho's ghost
 12828 | D:10     | Got the ring of Koletofi {Int+6}
 12875 | Orc:1    | Entered Level 1 of the Orcish Mines
 13264 | Orc:1    | Found Ixywnud's Jewellery Boutique.
 13297 | Orc:2    | Entered Level 2 of the Orcish Mines
 13452 | Orc:2    | Noticed an orc high priest
 13453 | Orc:2    | Noticed an orc high priest
 13456 | Orc:2    | Noticed a soul eater
 13461 | Orc:1    | Killed from afar by an orc high priest

Illustrated notes

Levels and vault maps discovered:
D:1:      mrwooster_arrival_statue_3, layout_loops_ring
D:2:      layout_loops_ring, okawaru_metal_pillars_3
D:3:      layout_loops_cross
D:4:      layout_loops_ring, serial_shops, nicolae_shop_stone,
          hangedman_decor_opposing, uniq_robin, uniq_sigmund
D:5:      layout_loops_ring, zin_treasury, temple_doors_e,
          cheibrodos_ashenzari_chains, uniq_menkaure, uniq_ijyb
D:6:      layout_basic, nicolae_ossuary_entry_monument
D:7:      layout_loops_cross, nicolae_qazlal_general_emergency, uniq_joseph,
          uniq_pikel
D:8:      layout_cave_pods, nicolae_water_bricks, the_bakery, uniq_maggie
D:9:      layout_basic, serial_curves, eino_curves_02, eino_curves_01,
          grunt_ministairs_5
D:10:     layout_roguey, orc_0_dummy, gammafunk_ghost_stat_death,
          nicolae_ru_path_of_blood, uniq_fannar, uniq_josephine
Temple:   roderic_octagonal_lattice_temple
Orc:1:    layout_diamond_mine, serial_shops, shop, nicolae_shop_window_shopping,
          shop_fountains, basic_altar
Orc:2:    st_orc_mages, layout_caves, serial_shops, nicolae_shop_crystal

Skill      XL: |  1  2  3  4  5  6  7  8  9 10 11 12 |
---------------+-------------------------------------+-----
Spellcasting   | 5 6 7 8 9 |  9.0
Invocations    | 1 2 3 4 5 6 7 8 |  8.1
Short Blades   | 1 2 3 4 5 6 7 |  7.3
Long Blades    | 1 2 3 4 5 6 7 |  7.3
Axes           | 1 2 3 4 5 6 7 |  7.3
Maces & Flails | 1 2 3 4 5 6 7 |  7.3
Polearms       | 1 2 3 4 5 6 7 |  7.3
Staves         | 1 2 3 4 5 6 7 |  7.3
Slings         | 1 2 3 4 5 6 7 |  7.3
Bows           | 1 2 3 4 5 6 7 |  7.3
Crossbows      | 1 2 3 4 5 6 7 |  7.3
Throwing       | 1 2 3 4 5 6 7 |  7.3
Armour         | 1 2 3 4 5 6 7 |  7.3
Stealth        | 1 2 3 4 5 6 7 |  7.3
Shields        | 1 2 3 4 5 6 7 |  7.3
Evocations     | 1 2 3 4 5 6 7 |  7.3
Conjurations   | 1 2 3 4 5 6 |  6.1
Hexes          | 1 2 3 4 5 6 |  6.1
Summonings     | 1 2 3 4 5 6 |  6.1
Necromancy     | 1 2 3 4 5 6 |  6.1
Translocations | 1 2 3 4 5 6 |  6.1
Fire Magic     | 1 2 3 4 5 6 |  6.1
Ice Magic      | 1 2 3 4 5 6 |  6.1
Air Magic      | 1 2 3 4 5 6 |  6.1
Earth Magic    | 1 2 3 4 5 6 |  6.1
Poison Magic   | 1 2 3 4 5 6 |  6.1
Fighting       | 3 4 5 6 7 |  7.9
Transmutations | 4 5 6 7 |  7.3
Dodging        | 5 6 7 8 |  8.8
Unarmed Combat | 7 8 9 |  9.9

Action                   |  1- 3 |  4- 6 |  7- 9 | 10-12 || total
-------------------------+-------+-------+-------+-------++-------
Melee: Club              |    96 |    52 |       |       ||   148
       Unarmed           |     4 |       |       |    11 ||    15
       Bite              |     6 |    14 |    52 |    73 ||   145
       Headbutt          |     4 |     4 |    11 |    73 ||    92
       Kick              |     6 |    15 |    32 |   132 ||   185
       Punch             |     2 |     1 |     3 |    27 ||    33
       Halberd           |       |   142 |   426 |       ||   568
       Whip              |       |       |     6 |   200 ||   206
       Spear             |       |       |       |   129 ||   129
       Glaive            |       |       |       |    70 ||    70
Throw: Boomerang         |     2 |       |     6 |    42 ||    50
 Cast: Beastly Appendage |    10 |    18 |    16 |    40 ||    84
       Frozen Ramparts   |       |       |       |    13 ||    13
       Spider Form       |       |       |       |     2 ||     2
       Ozocubu's Armour  |       |       |       |     1 ||     1
Invok: Bend Time         |       |       |     1 |       ||     1
       Slouch            |       |       |       |     4 ||     4
Evoke: Wand              |       |       |       |     2 ||     2
  Use: Scroll            |       |       |    15 |     9 ||    24
       Potion            |       |       |     3 |       ||     3
 Stab: Sleeping          |     2 |     4 |     7 |     9 ||    22
       Distracted        |       |       |     2 |     2 ||     4
Armor: Robe              |    25 |       |       |       ||    25
       Scale mail        |     4 |   111 |   153 |   105 ||   373
       Skin              |       |       |       |     1 ||     1
       Chain mail        |       |       |       |    18 ||    18
Dodge: Dodged            |    83 |   153 |   320 |   371 ||   927

Table legend: (Time is in decaauts)
 A = Elapsed time spent in this place.
 B = Non-inter-level travel time spent in this place.
 C = Inter-level travel time spent in this place.
 D = Time resting spent in this place.
 E = Time spent auto-exploring this place.
 F = Levels seen in this place.
 G = Mean time per level.
                   A        B        C        D        E       F      G
               +--------+--------+--------+--------+--------+-----+--------+
         Total |  16160 |  15589 |    571 |   3974 |   8660 |  14 | 1154.3 |
       Dungeon |  14728 |  14177 |    551 |   3423 |   8247 |  10 | 1472.8 |
        Temple |    142 |    123 |     19 |      0 |    118 |   1 |  142.0 |
  Orcish Mines |    553 |    553 |      0 |    342 |     67 |   2 |  276.5 |
       Ossuary |    736 |    736 |      0 |    209 |    226 |   1 |  736.0 |
               +--------+--------+--------+--------+--------+-----+--------+

Top non-repeatable levels by time:
    D:10: 2184 daAuts
     D:8: 1909 daAuts
     D:7: 1852 daAuts
     D:9: 1588 daAuts
     D:4: 1496 daAuts
     D:5: 1417 daAuts
     D:2: 1300 daAuts
     D:6: 1113 daAuts
     D:3: 942 daAuts
     D:1: 923 daAuts
 Ossuary: 736 daAuts
   Orc:1: 526 daAuts
  Temple: 142 daAuts
   Orc:2: 26 daAuts
